 Dungeon Crawl Stone Soup version 0.22-a0-348-gd16d139 (webtiles) character file.

37 CanOfBees the Grave Robber (level 3, -2/24 HPs)
             Began as a Demonspawn Necromancer on Apr 11, 2018.
             Slain by a gnoll
             ... wielding a +0 whip
              (5 damage)
             ... on level 1 of the Dungeon.
             The game lasted 00:03:46 (1802 turns).

CanOfBees the Grave Robber (Demonspawn Necromancer) Turns: 1802, Time: 00:03:47

Health: -2/24      AC:  2    Str:  5 (8)  XL:     3   Next: 21%
Magic:  2/7        EV: 12    Int: 15 (17) God:
Gold:   18         SH:  0    Dex: 10 (13) Spells: 5/7 levels left

rFire    . . .     SeeInvis .   f - +0 whip
rCold    . . .     Gourm    .   (no shield)
rNeg     . . .     Faith    .   a - +0 robe
rPois    .         Spirit   .   (no helmet)
rElec    .         Reflect  .   (no cloak)
rCorr    .         Harm     .   (no gloves)
MR       .....                  (no boots)
Stlth    ++........             (no amulet)
HPRegen  0.08/turn              (no ring)
MPRegen  0.10/turn              (no ring)

@: flying, very slightly contaminated
A: hooves 1, demonic guardian 1
a: no special abilities


You were on level 1 of the Dungeon.
You were not hungry.

You visited 1 branch of the dungeon, and saw 2 of its levels.

You collected 18 gold pieces.

Inventory:

Hand Weapons
 f - a +0 whip (weapon)
Armour
 a - a +0 robe (worn)
Jewellery
 d - an uncursed ring of poison resistance {unknown}
Scrolls
 b - a scroll of teleportation {unknown}
 e - a scroll of enchant weapon {unknown}
Potions
 h - a potion of flight
 i - a potion of degeneration
 j - a potion of haste {unknown}
Comestibles
 c - 4 rations
 g - a chunk of flesh


   Skills:
 - Level 1.7 Dodging
 - Level 1.7 Stealth
 + Level 2.8 Spellcasting
 + Level 5.0 Necromancy


You had 5 spell levels left.
You knew the following spells:

 Your Spells              Type           Power        Failure   Level  Hunger
a - Pain                  Necr           ###.         2%          1    #......
b - Animate Skeleton      Necr           N/A          2%          1    #......


Dungeon Overview and Level Annotations

Branches:
Dungeon (2/15)

Altars:
Sif Muna


Innate Abilities, Weirdness & Mutations

You have large cloven feet.
A weak demonic guardian rushes to your aid.


Message History

You feel weakened.
You feel dopey.
You feel clumsy. The gnoll closely misses you.
It was a potion of flight.
You feel very buoyant.
You fly up into the air.
The gnoll barely misses you.
Casting: Pain (safe; 2% risk of failure)
Confirm with . or Enter, or press ? or * to list all spells.
Aiming: Pain (safe; 2% risk of failure)
Press: ? - help, Shift-Dir - straight line, f - gnoll
Aim: a gnoll, wielding a whip (chance to defeat MR: 82%)
The gnoll writhes in agony!
The gnoll misses you.
Casting: Pain (safe; 2% risk of failure)
Confirm with . or Enter, or press ? or * to list all spells.
Aiming: Pain (safe; 2% risk of failure)
Press: ? - help, Shift-Dir - straight line, f/p - gnoll
Aim: a gnoll, wielding a whip (severely wounded, chance to defeat MR: 82%)
You miscast Pain.
You are very lightly contaminated with residual magic.
Pain shoots through your body. The gnoll hits you with a whip.
You die...

#.# #.#
#.#######
#.# #.#
#........
#.# #.#
#########
#.# #.#
##########
#.# #>#
#.......).
#.# #.#
#.########
#.# #.#
#.# # #.#
#.# #.#
#@# #[#
#.# #g#
#.# #.#
#.# #.#
#.# #.#
#.# #.#
####.###.#
#.#
#........#
#.#
#.##.#####
#.########
#.##.#
#.........
#)##.#
##########


You could see a gnoll.

Vanquished Creatures
  A gnoll (D:2)
  3 giant cockroaches (D:1)
  2 goblins (D:1)
  5 hobgoblins (D:1)
  2 jackals (D:1)
  2 bats (D:1)
  2 frilled lizards (D:1)
  4 kobolds (D:1)
  6 rats (D:1)
27 creatures vanquished.

Notes
Turn   | Place    | Note
-------+----------+-------------------------------------------
     0 | D:1      | CanOfBees the Demonspawn Necromancer began the quest for the Orb.
     0 | D:1      | Reached XP level 1. HP: 13/13 MP: 3/3
   578 | D:1      | Learned a level 1 spell: Animate Skeleton
   614 | D:1      | Gained mutation: A weak demonic guardian rushes to your aid. [demonic ancestry]
   614 | D:1      | Reached XP level 2. HP: 12/19 MP: 5/5
  1764 | D:2      | Reached skill level 5 in Necromancy
  1764 | D:2      | Gained mutation: You have large cloven feet. [demonic ancestry]
  1764 | D:2      | Reached XP level 3. HP: 21/24 MP: 2/7
  1773 | D:2      | Found a deep blue altar of Sif Muna.
  1802 | D:1      | Slain by a gnoll

Vault maps used:
D:1:      dpeg_arrival_simpleton_c, serial_bayou_pond_d, minmay_liquid_box,
          minmay_misc_feat_plants, minmay_pentomino_s4
D:2:      lemuel_crystal_altar, old_standard_altar,
          nicolae_dithmenos_shadow_blocks, gammafunk_temple_overflow_pools

Skill      XL: |  1  2 |
---------------+-------+-----
Necromancy     | 5 |  5.0
Dodging        | |  1.7
Stealth        | |  1.7
Spellcasting   | |  2.8

Action                   || total
-------------------------++-------
Melee: Unarmed           ||    14
       Whip              ||    74
 Cast: Pain              ||    22
  Use: Potion            ||     2
 Stab: Sleeping          ||     1
  Eat: Chunk             ||     3
Armor: Robe              ||    17
Dodge: Dodged            ||    73

Table legend:
 A = Spawn XP
 B = Non-spawn XP
 C = Spawn XP percentage of total XP
 D = Spawn monster count
 E = Non-spawn monster count
 F = Spawn count percentage of total count
 G = Total turns spent on level
                    A         B        C        D         E        F      G
               +---------+---------+-------+---------+---------+-------+---------
         Total |       0 |      53 |   0.0 |       0 |      27 |   0.0 |  1802
               +---------+---------+-------+---------+---------+-------+---------
           D:1 |       0 |      39 |   0.0 |       0 |      26 |   0.0 |  1780
           D:2 |       0 |      14 |   0.0 |       0 |       1 |   0.0 |    22
               +---------+---------+-------+---------+---------+-------+---------
